 Dungeon Crawl Stone Soup version 0.29-a0-986-gdf0a18e73c (webtiles) character file.

Game seed: 16086077031327819307

88 2tc the Chopper (level 4, -3/35 HPs)
             Began as a Formicid Abyssal Knight on Aug 2, 2022.
             Was a Priest of Lugonu.
             Slain by a gnoll
             ... wielding a +0 club
              (7 damage)
             ... on level 2 of the Dungeon.
             The game lasted 00:05:21 (2200 turns).

2tc the Chopper (Formicid Abyssal Knight)           Turns: 2200, Time: 00:05:22

Health: -3/35      AC:  3    Str: 17    XL:     4   Next: 81%
Magic:  5/5        EV: 11    Int: 10    God:    Lugonu [***...]
Gold:   66         SH:  0    Dex: 16    Spells: 3/3 levels left

rFire   . . .      SeeInvis +   a - +2 hand axe
rCold   . . .      Faith    .   (no shield)
rNeg    . . .      Spirit   .   b - +0 leather armour
rPois   .          Reflect  .   (helmet unavailable)
rElec   .          Harm     .   (no cloak)
rCorr   .          Rampage  .   (no gloves)
Will    .....                   (no boots)
Stlth   ..........              (no amulet)
HPRegen 0.11/turn               (no ring)
MPRegen 0.09/turn               (no ring)

@: mighty, silenced
A: permanent stasis, dig shafts and tunnels, antennae 3, four strong arms
a: Dig, Shaft Self, Renounce Religion


You were on level 2 of the Dungeon.
You worshipped Lugonu.
Lugonu was most pleased with you.
You visited 1 branch of the dungeon, and saw 2 of its levels.
You visited the Abyss 1 time.

You collected 66 gold pieces.

Inventory:

Hand Weapons
 a - a +2 hand axe (weapon)
Missiles
 d - 2 poisoned darts
Armour
 b - a +0 leather armour (worn)
Jewellery
 c - a ring of magical power
Scrolls
 f - a scroll of amnesia
 g - a scroll of noise
 j - 2 scrolls of identify
Potions
 e - a potion of might


   Skills:
 - Level 3.2 Fighting
 * Level 4.6 Axes
 - Level 2.1 Armour
 - Level 0.8 Dodging
 - Level 2.1 Invocations


You had 3 spell levels left.
You didn't know any spells.
Your spell library was empty.

Dungeon Overview and Level Annotations

Branches:
Dungeon (2/15)

Altars:
Cheibriados

Annotations:
D:2 Jessica


Innate Abilities, Weirdness & Mutations

You cannot be hasted, slowed, berserked, paralysed or teleported.
You can dig through walls and to a lower floor.
You have a pair of large antennae on your head. (SInv)
Your four strong arms can wield two-handed weapons with a shield.


Message History

There is an open door here.
No target in view!
Found a stone staircase leading down.
Found an escape hatch in the ceiling.
Found an escape hatch in the floor.
You now have 66 gold pieces (gained 11).
You sense a monster nearby.
j - 2 scrolls of identify (gained 1)
You open the door.
Jessica and 4 gnolls come into view.
A gnoll is wielding a +1 vorpal spear.
The gnoll shouts! x2
Found a stone staircase leading up.
You aren't carrying any items that you can evoke.
It was a potion of might.
You feel very mighty all of a sudden.
The gnoll shouts! x2; You hear an angry hiss.
An adder comes into view.
It was a potion of curing.
You feel better. The gnoll hits you with a +0 flail!
As you read the scroll labelled MOFIPO HOOMM, it crumbles to dust.
A profound silence engulfs you.
It was a scroll of silence.
The gnoll hits you with a +0 flail!
Jessica casts a spell.
Jessica blinks!
You slash the gnoll!
The gnoll is heavily wounded.
The gnoll barely misses you.
You slash the gnoll!
You kill the gnoll!
Lugonu accepts your kill.
The gnoll hits you from afar with a +0 spear.
You barely miss the gnoll.
The gnoll hits you from afar with a +0 spear.
* * * LOW HITPOINT WARNING * * *
The gnoll barely misses you.
You slash the gnoll!
The gnoll is heavily wounded.
The gnoll hits you from afar with a +0 spear.
* * * LOW HITPOINT WARNING * * *
The gnoll hits you with a +0 club!
You die...

#.# #.# #.. +# ... ...
#.#### .... # #.##.##
.....
#########.#...####S@....
..รท.............@gg....<
#########.#...####g.....
..# #.##.## ..... #.#
#.#### .... #.# #.# ...
#.# #.## +# #.# #..# #.#
##.# .. #.#
#.###########.##


You could see 3 gnolls, an adder and Jessica.

Vanquished Creatures
  A gnoll (D:2)
  4 adders (D:2)
  3 dart slugs
  4 endoplasms (D:1)
  5 goblins
  3 hobgoblins (D:1)
  2 jackals (D:2)
  A kobold (D:1)
  A quokka (D:1)
  6 ball pythons
  2 bats
  4 rats
36 creatures vanquished.

Notes
Turn   | Place    | Note
-------+----------+-------------------------------------------
     0 | Abyss:1  | 2tc the Formicid Abyssal Knight began the quest for the
                  | Orb.
     0 | Abyss:1  | Reached XP level 1. HP: 18/18 MP: 2/2
     1 | D:1      | Escaped the Abyss
   226 | D:1      | Reached XP level 2. HP: 16/24 MP: 3/3
   426 | D:1      | Reached skill level 3 in Axes
   791 | D:1      | Reached XP level 3. HP: 29/29 MP: 4/4
   964 | D:1      | Found a faded altar of an unknown god.
  1464 | D:2      | Reached skill level 4 in Axes
  1464 | D:2      | Reached XP level 4. HP: 30/35 MP: 5/5
  1863 | D:2      | Reached *** piety under Lugonu
  2145 | D:2      | Found a snail-covered altar of Cheibriados.
  2193 | D:2      | Noticed Jessica
  2200 | D:2      | Slain by a gnoll

Illustrated notes

Levels and vault maps discovered:
D:1:      dpeg_arrival_pits, layout_basic, basic_ecumenical_altar,
          minmay_hexomino_u4
D:2:      layout_loops_corners, basic_altar, grunt_decor_one_mirror,
          hangedman_decor_clover_reticule, dk_noncrumbling_4, uniq_robin,
          uniq_jessica

Skill      XL: |  1  2  3 |
---------------+----------+-----
Axes           | 3 4 |  4.6
Fighting       | |  3.2
Armour         | |  2.1
Dodging        | |  0.8
Invocations    | |  2.1

Action                   |  1- 3 |  4- 6 || total
-------------------------+-------+-------++-------
Melee: Hand axe          |    71 |    35 ||   106
       Punch             |     1 |       ||     1
  Use: Scroll            |     4 |     6 ||    10
       Potion            |       |     2 ||     2
Armor: Leather armour    |     9 |    13 ||    22
Dodge: Dodged            |    30 |    19 ||    49

Table legend: (Time is in decaauts)
 A = Elapsed time spent in this place.
 B = Non-inter-level travel time spent in this place.
 C = Inter-level travel time spent in this place.
 D = Time resting spent in this place.
 E = Time spent auto-exploring this place.
 F = Levels seen in this place.
 G = Mean time per level.
                   A        B        C        D        E       F      G
               +--------+--------+--------+--------+--------+-----+--------+
         Total |   2212 |   2181 |     31 |    248 |   1609 |   3 |  737.3 |
       Dungeon |   2211 |   2180 |     31 |    248 |   1609 |   2 | 1105.5 |
         Abyss |      1 |      1 |      0 |      0 |      0 |   1 |    1.0 |
               +--------+--------+--------+--------+--------+-----+--------+

Top non-repeatable levels by time:
     D:2: 1121 daAuts
     D:1: 1090 daAuts
 Abyss:1: 1 daAuts
